 Dungeon Crawl Stone Soup version 0.17.0-28-g6e173f8 (webtiles) character file.

9106 gorblad the Protected (level 11, -3/74 HPs)
             Began as a Gargoyle Fighter on Dec 4, 2015.
             Was a High Priest of Okawaru.
             Killed by divine providence
             ... invoked by a smoke demon
             ... summoned by an orc sorcerer
              (9 damage)
             ... on level 1 of the Elven Halls.
             The game lasted 00:33:56 (11575 turns).

gorblad the Protected (Gargoyle Fighter)           Turns: 11575, Time: 00:33:56

Health: -3/74      AC: 36    Str: 26    XL:     11   Next: 41%
Magic:  11/11      EV:  1    Int:  9    God:    Okawaru [*****.]
Gold:   1132       SH: 11    Dex: 10    Spells: 0 memorised, 10 levels left

rFire  . . .     SeeInvis .     q - +5 spear (vamp)
rCold  . . .     Clarity  .     l - +2 plate armour
rNeg   + + .     SustAt   .     c - +0 shield
rPois  ∞         Gourm    .     B - +2 helmet
rElec  +         Spirit   .     v - +1 cloak
rCorr  .         Warding  .     H - +2 pair of gloves
rMut   .         Stasis   .     L - +0 pair of boots
MR     .....                    (no amulet)
Stlth  ..........               C - +4 ring of strength
                                z - ring of positive energy

@: not resistant to hostile enchantments, extremely unstealthy
A: negative energy resistance 1, electricity resistance, unbreathing,
petrification resistance, rot immunity, AC +7
a: Heroism, Finesse, Renounce Religion


You were on level 1 of the Elven Halls.
You worshipped Okawaru.
Okawaru was extremely pleased with you.
You were hungry.

You visited 3 branches of the dungeon, and saw 13 of its levels.
You also visited: Sewer.

You collected 1132 gold pieces.

Inventory:

Hand Weapons
 a - a +0 flail
 q - a +5 vampiric spear (weapon)
Missiles
 E - 5 tomahawks of returning (quivered)
Armour
 c - a +0 shield (worn)
 l - a +2 plate armour (worn)
 r - a +0 helmet
 v - a +1 cloak (worn)
 B - a +2 helmet (worn)
 H - a +2 pair of gloves (worn)
 L - a +0 pair of boots (worn)
Jewellery
 j - an uncursed ring of ice {unknown}
 t - a +1 ring of evasion
 z - a ring of positive energy (left hand)
 C - a +4 ring of strength (right hand)
Wands
 p - a wand of disintegration (14)
 x - a wand of invisibility (7)
 J - a wand of enslavement (8)
Scrolls
 i - a scroll of teleportation
 k - 7 scrolls of remove curse
 m - 2 scrolls of fear
 I - 2 scrolls of recharging
Potions
 d - 2 potions of might
 g - 3 potions of flight
 o - 3 potions of curing
 w - 2 potions of cancellation
 A - a potion of haste
 F - a potion of heal wounds {unknown}
 G - 4 potions of brilliance
Books
 K - a book of Clouds

   Spells                             Type                      Level
   a - Mephitic Cloud                 Conjuration/Poison/Air       3
   b - Conjure Flame                  Conjuration/Fire             3
   c - Poisonous Cloud                Conjuration/Poison/Air       6
   d - Freezing Cloud                 Conjuration/Ice/Air          6
   e - Ring of Flames                 Charms/Fire                  7
Miscellaneous
 y - a plain deck of defence
Comestibles
 e - 8 bread rations
 f - 9 meat rations
 h - 11 fruits
 n - 3 beef jerkies
 u - a royal jelly
 D - 7 slices of pizza


   Skills:
 - Level 11.0 Fighting
 - Level 2.0 Maces & Flails
 - Level 7.0 Polearms
 - Level 12.6 Armour
 + Level 6.2 Shields


You had 10 spell levels left.
You didn't know any spells.

Dungeon Overview and Level Annotations

Branches:
Dungeon (9/15)             Temple (0/1) D:6             Orc (3/4) D:9
    Elf (1/3) Orc:3
   Lair: D:8-11

Altars:
Ashenzari
Cheibriados
Dithmenos
Fedhas
Gozag
Makhleb
Nemelex Xobeh
Okawaru
Qazlal
Vehumet
Yredelemnul
Zin


Innate Abilities, Weirdness & Mutations

You are resistant to torment.
Your stone body is resilient (AC +7).
You are immune to poison.
You resist negative energy.
You are resistant to electric shocks.
You can survive without breathing.
You are immune to petrification.
You are immune to rotting.


Message History

You are covered in liquid flames!
* * * LOW HITPOINT WARNING * * *
The orc sorcerer hits you but does no damage.
The smoke demon hits you but does no damage. x3
You are covered in liquid flames!
* * * LOW HITPOINT WARNING * * *
The smoke demon disappears in a puff of smoke!
The deep elf annihilator hits you but does no damage.
You are covered in liquid flames!
The deep elf mage hits you but does no damage.
The deep elf annihilator casts a spell at you.
The bolt of lightning misses you.
The orc sorcerer mumbles some strange words.
You block the deep elf mage's attack.
There is a staircase back to the Mines here.
The deep elf mage hits you but does no damage.
The deep elf annihilator completely misses you.
The smoke demon gestures at you. Something smites you!
You die...

###########
###.........#
.......###.#
#.........#
#.........#
#.........#
#.....@...#
#....ee...#
#....3o...#
#.#...).#.#
#...).....#
#####.#####
#.# ..# #.#


You could see a deep elf annihilator, a smoke demon, an orc sorcerer and a deep
elf mage.

Vanquished Creatures
  Josephine (Orc:3)
  A hydra (D:9)
  A deep elf knight (Elf:1)
  Pikel (D:6)
  A two-headed ogre (D:8)
  The ghost of gorblad the Stinger, an amateur NaVM of Sif Muna (D:4)
  5 wraiths (Orc:3)
  A deep elf fighter (Elf:1)
  A hippogriff (D:7)
  2 yaks (D:9)
  3 wargs
  2 ice beasts (D:8)
  8 orc warriors
  2 phantoms
  2 slaves (D:6)
  A necrophage (D:6)
  6 ogres
  An eye of draining (D:8)
  A centaur (D:6)
  4 big kobolds (D:9)
  4 giant frogs
  4 scorpions
  3 killer bees (D:9)
  A giant frog zombie (D:8)
  3 crimson imps
  3 hounds
  2 jellies
  11 orc priests
  12 orc wizards
  A centaur skeleton (D:8)
  Jessica (D:3)
  5 worker ants
  2 sheep (D:9)
  8 gnolls
  A worker ant zombie (D:7)
  Robin (D:3)
  24 adders
  A shadow imp (D:7)
  13 oozes (Sewer)
  2 worms
  14 giant geckos
  80 orcs
  17 ball pythons
  12 giant cockroaches
  2 gnoll zombies (D:3)
  15 goblins
  2 hobgoblins (D:3)
  11 jackals
  4 bats
  A giant gecko skeleton (D:6)
  12 giant newts
  12 kobolds
  2 quokka skeletons
  7 rats
  A plant (D:9)
339 creatures vanquished.

Vanquished Creatures (others)
  A crimson imp (D:6)
  A hound zombie (D:6)
  An orc (D:6)
3 creatures vanquished.

Grand Total: 342 creatures vanquished

Notes
Turn   | Place    | Note
--------------------------------------------------------------
     0 | D:1      | gorblad the Gargoyle Fighter began the quest for the Orb.
     0 | D:1      | Reached XP level 1. HP: 14/14 MP: 1/1
   546 | D:2      | Reached XP level 2. HP: 14/19 MP: 2/2
   571 | D:2      | Reached skill level 4 in Shields
   610 | D:2      | Found a radiant altar of Vehumet.
   941 | D:2      | Reached XP level 3. HP: 21/23 MP: 3/3
   973 | D:2      | Found a stormy altar of Qazlal.
  1356 | D:2      | Reached skill level 5 in Shields
  1456 | D:3      | Found an iron altar of Okawaru.
  1464 | D:3      | Became a worshipper of Warmaster Okawaru
  1532 | D:3      | Reached XP level 4. HP: 25/28 MP: 4/4
  1564 | D:3      | Noticed Jessica
  1572 | D:3      | Killed Jessica
  1945 | D:3      | Noticed Robin
  2025 | D:3      | Killed Robin
  2025 | D:3      | Reached XP level 5. HP: 12/32 MP: 5/5
  2440 | D:3      | Reached skill level 5 in Armour
  2574 | D:3      | Found a basalt altar of Yredelemnul.
  2809 | D:4      | Found a glowing drain.
  2815 | Sewer    | Entered a sewer
  2818 | Sewer    | Reached skill level 6 in Armour
  2822 | Sewer    | Reached XP level 6. HP: 37/37 MP: 6/6
  3055 | Sewer    | Reached skill level 1 in Polearms
  3864 | Sewer    | Reached * piety under Okawaru
  3864 | Sewer    | Reached XP level 7. HP: 22/41 MP: 7/7
  4123 | D:4      | Noticed gorblad's ghost (amateur NaVM)
  4149 | D:4      | Killed gorblad's ghost
  4149 | D:4      | Reached skill level 5 in Polearms
  4553 | D:4      | Found a shadowy altar of Dithmenos.
  4553 | D:4      | Found a snail-covered altar of Cheibriados.
  4704 | D:4      | Found a glowing silver altar of Zin.
  5173 | D:5      | Entered Level 5 of the Dungeon
  5239 | D:5      | Reached XP level 8. HP: 43/46 MP: 8/8
  5471 | D:5      | Reached ** piety under Okawaru
  5654 | D:5      | Reached skill level 7 in Polearms
  5851 | D:6      | Found a sparkling altar of Nemelex Xobeh.
  5951 | D:6      | Reached skill level 5 in Fighting
  6008 | D:6      | Found a staircase to the Ecumenical Temple.
  6070 | D:6      | Noticed Pikel
  6120 | D:6      | Killed Pikel
  6120 | D:6      | Reached *** piety under Okawaru
  6120 | D:6      | Reached XP level 9. HP: 34/59 MP: 9/9
  6606 | D:6      | Reached skill level 8 in Fighting
  6832 | D:7      | Reached skill level 9 in Fighting
  7297 | D:7      | Found an opulent altar of Gozag.
  7870 | D:8      | Found a burning altar of Makhleb.
  8009 | D:8      | Found a shattered altar of Ashenzari.
  8119 | D:8      | Reached skill level 10 in Fighting
  8156 | D:8      | Reached **** piety under Okawaru
  8487 | D:8      | Found a blossoming altar of Fedhas.
  8499 | D:8      | Reached skill level 11 in Fighting
  8499 | D:8      | Reached XP level 10. HP: 67/69 MP: 10/10
  8770 | D:9      | Noticed a three-headed hydra
  8789 | D:9      | Killed a three-headed hydra
  8918 | D:9      | Reached ***** piety under Okawaru
  9080 | D:9      | Received a gift from Okawaru
  9114 | D:9      | Found a staircase to the Orcish Mines.
  9591 | Orc:1    | Entered Level 1 of the Orcish Mines
  9758 | Orc:1    | Reached skill level 10 in Armour
 10521 | Orc:3    | Found a staircase to the Elven Halls.
 10604 | Orc:3    | Reached XP level 11. HP: 74/74 MP: 11/11
 10783 | Orc:3    | Noticed Josephine
 10805 | Orc:3    | Killed Josephine
 10805 | Orc:3    | Reached skill level 12 in Armour
 11533 | Elf:1    | Entered Level 1 of the Elven Halls
 11534 | Elf:1    | Noticed a deep elf annihilator
 11535 | Elf:1    | Noticed a deep elf knight
 11562 | Elf:1    | Killed a deep elf knight
 11575 | Elf:1    | Killed from afar by a smoke demon

Action                   |  1- 3 |  4- 6 |  7- 9 | 10-12 || total
-------------------------+-------+-------+-------+-------++-------
Melee: Flail             |   133 |   103 |       |       ||   236
       Spear             |       |   529 |   712 |   831 ||  2072
Throw: Tomahawk          |       |       |       |     2 ||     2
  Use: Scroll            |     4 |     5 |    11 |     9 ||    29
       Potion            |       |     1 |       |     3 ||     4
  Eat: Chunk             |     2 |     5 |    11 |     9 ||    27
       Bread ration      |       |     1 |     1 |       ||     2
       Fruit             |       |       |     2 |     1 ||     3
